 Dungeon Crawl Stone Soup version 0.23.1-37-gaa34b87 (webtiles) character file.

Game seed: 4170745988964367196

100 Borgoz the Sneak (level 5, -1/29 HPs)
             Began as a Kobold Enchanter on Mar 21, 2019.
             Slain by an orc wizard
             ... wielding a +0 dagger
              (5 damage)
             ... on level 3 of the Dungeon.
             The game lasted 00:05:56 (2625 turns).

Borgoz the Sneak (Kobold Enchanter)                 Turns: 2625, Time: 00:05:56

Health: -1/29      AC:  4    Str:  6    XL:     5   Next: 3%
Magic:  8/8        EV: 15    Int: 17    God:
Gold:   48         SH:  0    Dex: 15    Spells: 2/8 levels left

rFire    . . .     SeeInvis .   a - +1 dagger
rCold    + . .     Gourm    .   (shield restricted)
rNeg     . . .     Faith    .   l - +0 leather armour
rPois    .         Spirit   .   (no helmet)
rElec    .         Reflect  .   n - +0 cloak
rCorr    .         Harm     .   (no gloves)
MR       .....                  (no boots)
Stlth    ++++......             (no amulet)
HPRegen  0.09/turn              h - ring of protection from cold
MPRegen  0.11/turn              k - ring of stealth

@: no status effects
A: small, carnivore
a: no special abilities


You were on level 3 of the Dungeon.
You were completely stuffed.

You visited 1 branch of the dungeon, and saw 3 of its levels.

You collected 48 gold pieces.

Inventory:

Hand Weapons
 a - a +1 dagger (weapon)
Armour
 l - a +0 leather armour (worn)
 n - a +0 cloak (worn)
Jewellery
 h - a ring of protection from cold (left hand)
 k - a ring of stealth (right hand)
Wands
 p - a wand of iceblast (12)
Scrolls
 c - a scroll of identify
 e - 2 scrolls of remove curse
 g - a scroll of immolation
Potions
 m - a potion of might
Comestibles
 b - a chunk of flesh
 d - 4 rations


   Skills:
 + Level 1.0 Fighting
 + Level 2.9 Short Blades
 + Level 0.5 Armour
 + Level 3.2 Dodging
 + Level 5.2 Stealth
 + Level 2.4 Spellcasting
 + Level 3.3 Hexes


You had 2 spell levels left.
You knew the following spells:

 Your Spells              Type           Power        Failure   Level  Hunger
a - Corona                Hex            ##.....      8%          1    #......
b - Ensorcelled Hibernat  Hex/Ice        #.....       22%         2    ##.....
c - Confuse               Hex            ##......     22%         3    ###....

Your spell library contained the following spells:

 Spells                   Type           Power        Failure   Level  Hunger
 Tukima's Dance           Hex            ##......     22%         3    ###....
 Dazzling Spray           Conj/Hex       #.....       41%         3    ###....


Dungeon Overview and Level Annotations

Branches:
Dungeon (3/15)

Altars:


Innate Abilities, Weirdness & Mutations

You are small and have problems with some larger weapons.
You are carnivorous and can eat meat at any time.


Message History

Deactivating autopickup; reactivate with Ctrl-A.
You hit something but do no damage. Something hits you.
* * * LOW HITPOINT WARNING * * *
Unknown command.
You feel better.
You hear some strange, mumbled words.
Something tries to affect you, but you resist.
You miss something. Something hits you.
You hit something. Something barely misses you.
You hit something but do no damage. Something hits you but does no damage.
You miss something. You hit something but do no damage.
Something hits you but does no damage.
You miss something. Something hits you but does no damage.
You miss something.
You hear some strange, mumbled words.
A puff of flame appears from out of thin air!
The puff of flame hits you!
* * * LOW HITPOINT WARNING * * *
You closely miss something. Something hits you.
You die...

# #o#. #§## # #.##... #.#
...#.## #.## # .....#
#..####+#### #...#
##...#...#.. #.†.#
###.##.##.. #.†.#
####...#'#...
#...#######..........##
#....{@...#.##.##..####
#...#####.........##...
...............#..#..##...
.................<........
...#######......#.....##...
.#. #.##.........##... #
#.....#####.######
#.###.###...# ###..##.#


There were no monsters in sight!

Vanquished Creatures
  5 adders (D:2)
  A worm (D:3)
  3 dart slugs
  3 leopard geckos
  6 bats
  5 giant cockroaches
  8 goblins
  A hobgoblin (D:2)
  3 jackals (D:1)
  2 quokkas
  4 frilled lizards
  2 kobolds
43 creatures vanquished.

Notes
Turn   | Place    | Note
-------+----------+-------------------------------------------
     0 | D:1      | Borgoz the Kobold Enchanter began the quest for the Orb.
     0 | D:1      | Reached XP level 1. HP: 10/10 MP: 3/3
   231 | D:1      | Reached XP level 2. HP: 2/15 MP: 5/5
  1219 | D:1      | Reached XP level 3. HP: 20/20 MP: 6/6
  1549 | D:2      | Learned a level 2 spell: Ensorcelled Hibernation
  1553 | D:2      | Learned a level 3 spell: Confuse
  1648 | D:2      | Reached XP level 4. HP: 24/24 MP: 7/7
  2033 | D:2      | Reached skill level 1 in Fighting
  2071 | D:2      | Reached skill level 5 in Stealth
  2572 | D:3      | Reached XP level 5. HP: 28/29 MP: 8/8
  2625 | D:3      | Slain by an orc wizard

Skill      XL: |  1  2  3  4 |
---------------+-------------+-----
Short Blades   | 2 |  2.9
Fighting       | 1 |  1.0
Stealth        | 5 |  5.2
Dodging        | 3 |  3.2
Armour         | |  0.5
Spellcasting   | |  2.4
Hexes          | |  3.3

Action                   |  1- 3 |  4- 6 || total
-------------------------+-------+-------++-------
Melee: Dagger            |    80 |   156 ||   236
 Cast: Corona            |     4 |       ||     4
  Use: Scroll            |       |     7 ||     7
       Potion            |       |     4 ||     4
 Stab: Sleeping          |     9 |    10 ||    19
  Eat: Chunk             |    11 |     3 ||    14
Armor: Robe              |    14 |       ||    14
       Leather armour    |     1 |    30 ||    31
Dodge: Dodged            |    67 |    82 ||   149
